Map: Thunderbird LE

Players

SandboX

  • Race: Zerg Zerg
  • League: Gold
  • Spawn Location: 11:00

virusst - Winner!

  • Race: Zerg Zerg
  • League: Platinum
  • Spawn Location: 5:00

VOD

Have the link to the VOD?

Description

Time

  • Played on: Aug. 11, 2019, 10:55 p.m.
  • Length: 6:09
Show
View Real Time Build Order
Export as new Build Order

SandboX Zerg 

Build Orders: Hatch First, Zergling Baneling 

Get SALT Encoding   

  12  0:01  Drone  
  13  0:14  Overlord  
  14  0:21  Drone  
  14  0:32  Drone x2  
  16  0:36  Drone  
  17  0:56  Hatchery  
  16  1:01  Drone x2  
  18  1:06  Extractor  
  17  1:21  Spawning Pool  
  17  1:24  Drone  
  17  1:25  Drone  
  17  1:31  Drone  
  19  1:41  Overlord  
  20  2:08  Zergling x6  
  20  2:12  Queen x2  
  26  2:17  Metabolic Boost  
  26  2:25  Drone x2  
  28  2:39  Drone x2  
  28  2:40  Drone  
  31  2:48  Baneling Nest  
  30  2:55  Drone x3  
  31  3:07  Zergling x6  
  34  3:23  Hatchery  
  33  3:44  Zergling x14  
  33  3:48  Overlord x2  
  36  4:02  Overlord x3  
  36  4:07  Baneling  
  36  4:08  Baneling x5  
  32  4:21  Zergling x10  
  16  4:35  Zergling x4  
  18  4:47  Baneling  
  18  4:48  Baneling x2  
  18  4:53  Drone  
  17  5:13  Drone x4  
  21  5:37  Zergling x8  
Show
View Real Time Build Order
Export as new Build Order

virusst Zerg - Winner!

Build Orders: Hatch First 

Get SALT Encoding   

  12  0:03  Drone  
  13  0:14  Overlord  
  13  0:18  Drone  
  14  0:32  Drone x2  
  16  0:36  Drone  
  17  0:58  Hatchery  
  16  1:07  Spawning Pool  
  16  1:09  Extractor  
  14  1:12  Drone  
  14  1:14  Drone  
  14  1:18  Drone  
  17  1:28  Drone  
  18  1:35  Drone  
  19  1:45  Overlord  
  19  1:55  Queen  
  19  1:56  Zergling x2  
  22  2:07  Zergling x2  
  23  2:11  Queen  
  23  2:13  Drone  
  26  2:17  Baneling Nest  
  26  2:18  Zergling x2  
  26  2:25  Drone  
  26  2:29  Metabolic Boost  
  27  2:31  Drone  
  28  2:38  Drone  
  28  2:40  Drone  
  30  2:55  Zergling x6  
  31  3:07  Zergling x8  
  31  3:09  Overlord  
  35  3:20  Baneling  
  35  3:35  Baneling  
  35  3:36  Zergling x2, Baneling x2  
  35  3:37  Zergling x10  
  40  3:45  Baneling  
  40  3:49  Drone  
  40  3:50  Drone  
  40  3:54  Lair  
  36  4:27  Baneling  
  30  4:33  Zergling x2  
  30  4:34  Zergling x20  
  40  5:01  Baneling x3  
  40  5:02  Baneling x2  
  40  5:14  Drone  
  40  5:15  Drone x3  
  40  5:16  Overlord x3  
Tags
 
Add a new tag
Caveats
  • Supply blocks, unpowered buildings, or Contaminate may cause inaccurate times.
  • Supply counts are checked every 10 seconds.